TOP OF THE 1ST |
Havana Rollers batting - Pitching for Otsego Bulldogs : LHP Sam Kettley
|
Pitching: LHP Sam Kettley
|
|
Batting: LHB Jimmy Husted
|
0-0: Called Strike 0-1: Ball 1-1: Ball 2-1: Ball 3-1: Base on Balls
|
Batting: RHB Dani Gómez
|
0-0: Ball 1-0: Foul Ball, location: 2F 1-1: Ball 2-1: SINGLE (Groundball, 5D) Jimmy Husted to second
|
Batting: LHB Wilson Allen
|
0-0: Ball 1-0: Ball 2-0: Called Strike 2-1: Ball 3-1: Base on Balls Jimmy Husted to third Dani Gómez to second
|
Batting: RHB Jack Bailey
|
0-0: Foul Ball, location: 2F 0-1: Fly out, F9 (Flyball, 9M) Runner from 3rd tags up, SCORES, no throw
|
Batting: LHB Gyu-sik Yi
|
0-0: Hit by Pitch Dani Gómez to third Wilson Allen to second
|
Batting: RHB Salvador Borbón
|
0-0: SINGLE (Groundball, 6D) Dani Gómez scores Wilson Allen to third Gyu-sik Yi to second Runner from 3rd tries for Home, SAFE, throw made home
|
Batting: RHB Francisco Rincón
|
0-0: Ball 1-0: Grounds into double play, 1-6-3 (Groundball, 15)
|
Top of the 1st over - 3 run(s), 2 hit(s), 0 error(s), 1 left on base; Havana 3 - Otsego 0 |
BOTTOM OF THE 1ST |
Otsego Bulldogs batting - Pitching for Havana Rollers : LHP Dave Miller
|
Pitching: LHP Dave Miller
|
|
Batting: LHB Mario Cornelo
|
0-0: Called Strike 0-1: Foul Ball, location: 2F 0-2: Ball 1-2: Ball 2-2: Foul Ball, location: 2F 2-2: Strikes out swinging
|
Batting: RHB Cristo García
|
0-0: Ball 1-0: Ball 2-0: Foul Ball, location: 2F 2-1: SINGLE (Line Drive, 3)
|
Batting: LHB Paco Rosas
|
0-0: Ball 1-0: Foul Ball, location: 2F 1-1: Ball Passed Ball! Cristo García to second 2-1: SINGLE (Line Drive, 9S) Cristo García to third
|
Batting: LHB George Wood
|
0-0: Foul Ball, location: 2F 0-1: Ball 1-1: Ball 2-1: Foul Ball, location: 2F 2-2: SINGLE (Line Drive, 4MD) Cristo García scores Paco Rosas to second
|
Batting: RHB Jim Beck
|
0-0: Ball 1-0: Ball 2-0: Called Strike 2-1: Called Strike 2-2: Foul Ball, location: 2F 2-2: Strikes out swinging
|
Batting: RHB Juan Pérez
|
0-0: Ball 1-0: SINGLE (Groundball, 56) Paco Rosas to third George Wood to second Runner from 3rd tries for Home, SAFE, no throw or cutoff
|
Batting: RHB José Martínez
|
0-0: Ball 1-0: Ball 2-0: Ball 3-0: Called Strike 3-1: Foul Ball, location: 2F 3-2: Base on Balls George Wood to third Juan Pérez to second
|
Batting: RHB Felipe Rego
|
0-0: Called Strike 0-1: Ball 1-1: Ball 2-1: Foul Ball, location: 2F 2-2: Strikes out looking
|
Bottom of the 1st over - 2 run(s), 4 hit(s), 0 error(s), 3 left on base; Havana 3 - Otsego 2 |
TOP OF THE 2ND |
Havana Rollers batting - Pitching for Otsego Bulldogs : LHP Sam Kettley
|
Batting: RHB Victor Andrews
|
0-0: Fly out, F5 (Line Drive, 5)
|
Batting: RHB Paul Bailey
|
0-0: Called Strike 0-1: Called Strike 0-2: Ball 1-2: Strikes out swinging, 2-3 out at first.
|
Batting: LHB Jimmy Husted
|
0-0: Swinging Strike 0-1: Ball 1-1: Ball 2-1: Foul Ball, location: 2F 2-2: Foul Ball, location: 2F 2-2: Strikes out swinging
|
Top of the 2nd over - 0 run(s), 0 hit(s), 0 error(s), 0 left on base; Havana 3 - Otsego 2 |
BOTTOM OF THE 2ND |
Otsego Bulldogs batting - Pitching for Havana Rollers : LHP Dave Miller
|
Batting: RHB Kyung-bok Cho
|
0-0: Foul Ball, location: 2F 0-1: Called Strike 0-2: Foul Ball, location: 2F 0-2: SINGLE (Groundball, 6MD)
|
Batting: LHB Mario Cornelo
|
0-0: Ball 1-0: Swinging Strike 1-1: Called Strike Kyung-bok Cho steals 2nd base 1-2: Strikes out swinging
|
Batting: RHB Cristo García
|
0-0: SINGLE (Line Drive, 78S) Kyung-bok Cho to third
|
Batting: LHB Paco Rosas
|
0-0: Fly out, F7 (Flyball, 7M) Runner from 3rd tags up, SCORES, no throw
|
Batting: LHB George Wood
|
0-0: Ball 1-0: Ball 2-0: Swinging Strike 2-1: Ball 3-1: Base on Balls Cristo García to second
|
Batting: RHB Jim Beck
|
0-0: Called Strike 0-1: Ball 1-1: Foul Ball, location: 2F 1-2: Ball 2-2: Strikes out looking
|
Bottom of the 2nd over - 1 run(s), 2 hit(s), 0 error(s), 2 left on base; Havana 3 - Otsego 3 |
TOP OF THE 3RD |
Havana Rollers batting - Pitching for Otsego Bulldogs : LHP Sam Kettley
|
Batting: RHB Dani Gómez
|
0-0: SINGLE (Line Drive, 89M)
|
Batting: LHB Wilson Allen
|
0-0: Called Strike 0-1: Ball 1-1: Ball 2-1: Foul Ball, location: 2F 2-2: Ball 3-2: SINGLE (Groundball, 4MD) Dani Gómez to second Runner from 2nd tries for 3rd, SAFE, throw made to third
|
Batting: RHB Jack Bailey
|
0-0: Ball 1-0: Called Strike 1-1: SINGLE (Groundball, 4MD) Dani Gómez scores Wilson Allen to second
|
Batting: LHB Gyu-sik Yi
|
0-0: Called Strike 0-1: Grounds into double play, 4-6-3 (Groundball, 4) Wilson Allen to third
|
Batting: RHB Salvador Borbón
|
0-0: Called Strike 0-1: Foul Ball, location: 2F 0-2: Ball 1-2: Strikes out swinging
|
Top of the 3rd over - 1 run(s), 3 hit(s), 0 error(s), 1 left on base; Havana 4 - Otsego 3 |
BOTTOM OF THE 3RD |
Otsego Bulldogs batting - Pitching for Havana Rollers : LHP Dave Miller
|
Batting: RHB Juan Pérez
|
0-0: Called Strike 0-1: Ball 1-1: Ground out 4-3 (Groundball, 4M)
|
Batting: RHB José Martínez
|
0-0: Swinging Strike 0-1: Foul Ball, location: 2F 0-2: Ball 1-2: Strikes out swinging
|
Batting: RHB Felipe Rego
|
0-0: Called Strike 0-1: Called Strike 0-2: Ball 1-2: Ball 2-2: Ball 3-2: Ground out 6-3 (Groundball, 6)
|
Bottom of the 3rd over - 0 run(s), 0 hit(s), 0 error(s), 0 left on base; Havana 4 - Otsego 3 |
TOP OF THE 4TH |
Havana Rollers batting - Pitching for Otsego Bulldogs : LHP Sam Kettley
|
Batting: RHB Francisco Rincón
|
0-0: Called Strike 0-1: Ball 1-1: Foul Ball, location: 2F 1-2: Strikes out swinging
|
Batting: RHB Victor Andrews
|
0-0: Fly out, F8 (Flyball, 8RM)
|
Batting: RHB Paul Bailey
|
0-0: Ball 1-0: Swinging Strike 1-1: DOUBLE (Line Drive, 5D)
|
Batting: LHB Jimmy Husted
|
0-0: Swinging Strike 0-1: Swinging Strike 0-2: Ball 1-2: Ball 2-2: Strikes out swinging
|
Top of the 4th over - 0 run(s), 1 hit(s), 0 error(s), 1 left on base; Havana 4 - Otsego 3 |
BOTTOM OF THE 4TH |
Otsego Bulldogs batting - Pitching for Havana Rollers : LHP Dave Miller
|
Batting: RHB Kyung-bok Cho
|
0-0: Bunted foul 0-1: SOLO HOME RUN (Flyball, 7LD), Distance : 342 ft
|
Batting: LHB Mario Cornelo
|
0-0: Ball 1-0: Ball 2-0: Swinging Strike 2-1: Ball 3-1: Swinging Strike 3-2: Foul Ball, location: 2F 3-2: Foul Ball, location: 2F 3-2: Fly out, F7 (Flyball, 7S)
|
Batting: RHB Cristo García
|
0-0: Called Strike 0-1: Ball 1-1: Ground out 6-3 (Groundball, 6)
|
Batting: LHB Paco Rosas
|
0-0: Ball 1-0: Fly out, F9 (Flyball, 9M)
|
Bottom of the 4th over - 1 run(s), 1 hit(s), 0 error(s), 0 left on base; Havana 4 - Otsego 4 |
TOP OF THE 5TH |
Havana Rollers batting - Pitching for Otsego Bulldogs : LHP Sam Kettley
|
Batting: RHB Dani Gómez
|
0-0: Called Strike 0-1: Swinging Strike 0-2: Foul Ball, location: 2F 0-2: Ball 1-2: Ball 2-2: Ball 3-2: SINGLE (Groundball, 56)
|
Batting: LHB Wilson Allen
|
0-0: Ball 1-0: Ball 2-0: Swinging Strike 2-1: Swinging Strike 2-2: Foul Ball, location: 2F 2-2: Strikes out looking
|
Batting: RHB Jack Bailey
|
0-0: Called Strike 0-1: Ball 1-1: Fielders Choice at 2nd, 6-4 (Groundball, 6)
|
Batting: LHB Gyu-sik Yi
|
0-0: Swinging Strike 0-1: Ball 1-1: Foul Ball, location: 2F 1-2: Foul Ball, location: 2F 1-2: Strikes out swinging
|
Top of the 5th over - 0 run(s), 1 hit(s), 0 error(s), 1 left on base; Havana 4 - Otsego 4 |
BOTTOM OF THE 5TH |
Otsego Bulldogs batting - Pitching for Havana Rollers : LHP Dave Miller
|
Pitching: RHP Ramiro Piña
|
|
Batting: LHB George Wood
|
0-0: Swinging Strike 0-1: Called Strike 0-2: Ball 1-2: Ball 2-2: Ball 3-2: Base on Balls
|
Batting: RHB Jim Beck
|
0-0: Called Strike 0-1: Ball 1-1: Ball 2-1: Ball 3-1: Foul Ball, location: 2F 3-2: Base on Balls George Wood to second
|
Batting: RHB Juan Pérez
|
0-0: Ball 1-0: Swinging Strike 1-1: Ball 2-1: Ball 3-1: Base on Balls George Wood to third Jim Beck to second
|
Batting: RHB José Martínez
|
0-0: Ball 1-0: Ball 2-0: Ball 3-0: Base on Balls George Wood scores Jim Beck to third Juan Pérez to second
|
Batting: RHB Felipe Rego
|
0-0: Fly out, F8 (Flyball, 8LXD) Runner from 3rd tags up, SCORES, no throw Juan Pérez to third
|
Batting: RHB Kyung-bok Cho
|
0-0: Ball Wild Pitch! Juan Pérez scores José Martínez to second 1-0: Foul Ball, location: 2F 1-1: Called Strike 1-2: Reached on Error, E6 (Popup, 4M) José Martínez to third
|
Batting: LHB Mario Cornelo
|
0-0: Called Strike 0-1: Ball Kyung-bok Cho is caught stealing 2nd base 1-1: Ball 2-1: Ball 3-1: Foul Ball, location: 2F 3-2: SINGLE (Groundball, 4MD) José Martínez scores
|
Pitching: RHP Kei Hashimoto
|
|
Batting: RHB Cristo García
|
0-0: Ball 1-0: Called Strike 1-1: Called Strike 1-2: Strikes out looking
|
Bottom of the 5th over - 4 run(s), 1 hit(s), 1 error(s), 1 left on base; Havana 4 - Otsego 8 |
TOP OF THE 6TH |
Havana Rollers batting - Pitching for Otsego Bulldogs : LHP Sam Kettley
|
Batting: RHB Salvador Borbón
|
0-0: Ball 1-0: Called Strike 1-1: Ground out 6-3 (Groundball, 6)
|
Batting: RHB Francisco Rincón
|
0-0: Ball 1-0: Foul Ball, location: 2F 1-1: Foul Ball, location: 2F 1-2: Ball 2-2: Foul Ball, location: 2F 2-2: Ball 3-2: Strikes out swinging
|
Batting: RHB Victor Andrews
|
0-0: SINGLE (Line Drive, 6D)
|
Pitching: LHP Jeff Hardin
|
|
Batting: RHB Paul Bailey
|
0-0: Ground out 4-3 (Groundball, 34)
|
Top of the 6th over - 0 run(s), 1 hit(s), 0 error(s), 1 left on base; Havana 4 - Otsego 8 |
BOTTOM OF THE 6TH |
Otsego Bulldogs batting - Pitching for Havana Rollers : RHP Kei Hashimoto
|
Batting: LHB Paco Rosas
|
0-0: Called Strike 0-1: Swinging Strike 0-2: Ball 1-2: Fly out, F9 (Flyball, 9LD)
|
Batting: LHB George Wood
|
0-0: Fly out, F9 (Flyball, 9D)
|
Batting: RHB Jim Beck
|
0-0: Called Strike 0-1: Ball 1-1: Foul Ball, location: 2F 1-2: Foul Ball, location: 2F 1-2: Foul Ball, location: 2F 1-2: Foul Ball, location: 2F 1-2: Ball 2-2: Strikes out swinging
|
Bottom of the 6th over - 0 run(s), 0 hit(s), 0 error(s), 0 left on base; Havana 4 - Otsego 8 |
TOP OF THE 7TH |
Havana Rollers batting - Pitching for Otsego Bulldogs : LHP Jeff Hardin
|
Batting: LHB Jimmy Husted
|
0-0: Ball 1-0: Swinging Strike 1-1: Fly out, F7 (Line Drive, 7LM)
|
Batting: RHB Dani Gómez
|
0-0: Ball 1-0: Ball 2-0: Foul Ball, location: 2F 2-1: Called Strike 2-2: Fly out, F9 (Flyball, 89M)
|
Batting: LHB Wilson Allen
|
0-0: Called Strike 0-1: Foul Ball, location: 2F 0-2: Ball 1-2: Foul Ball, location: 2F 1-2: Ball 2-2: Strikes out swinging
|
Top of the 7th over - 0 run(s), 0 hit(s), 0 error(s), 0 left on base; Havana 4 - Otsego 8 |
BOTTOM OF THE 7TH |
Otsego Bulldogs batting - Pitching for Havana Rollers : RHP Kei Hashimoto
|
Batting: RHB Juan Pérez
|
0-0: Swinging Strike 0-1: Swinging Strike 0-2: Foul Ball, location: 2F 0-2: Ball 1-2: Strikes out swinging
|
Batting: RHB José Martínez
|
0-0: Ball 1-0: Ball 2-0: Fly out, F4 (Line Drive, 4)
|
Batting: RHB Felipe Rego
|
0-0: Ball 1-0: Ball 2-0: Ball 3-0: Called Strike 3-1: Ground out 6-3 (Groundball, 6)
|
Bottom of the 7th over - 0 run(s), 0 hit(s), 0 error(s), 0 left on base; Havana 4 - Otsego 8 |
TOP OF THE 8TH |
Havana Rollers batting - Pitching for Otsego Bulldogs : LHP Jeff Hardin
|
Batting: RHB Jack Bailey
|
0-0: Called Strike 0-1: Swinging Strike 0-2: Strikes out swinging
|
Batting: LHB Gyu-sik Yi
|
0-0: DOUBLE (Line Drive, 8RXD)
|
Batting: RHB Salvador Borbón
|
0-0: Called Strike 0-1: Ball 1-1: DOUBLE (Groundball, 5L) Gyu-sik Yi scores
|
Pitching: RHP Kenshin Kubota
|
|
Batting: RHB Francisco Rincón
|
0-0: Foul Ball, location: 2F 0-1: Foul Ball, location: 2F 0-2: Hit by Pitch
|
Batting: RHB Victor Andrews
|
0-0: Ball 1-0: Called Strike 1-1: Ball 2-1: Ball 3-1: Base on Balls Salvador Borbón to third Francisco Rincón to second
|
Batting: RHB Paul Bailey
|
0-0: Ball 1-0: Ball 2-0: Foul Ball, location: 2F 2-1: Swinging Strike 2-2: Foul Ball, location: 2F 2-2: Strikes out swinging
|
Pitching: LHP Bob Quested
|
|
Batting: LHB Jimmy Husted
|
0-0: Ball 1-0: Ball 2-0: Called Strike 2-1: Ball 3-1: Foul Ball, location: 2F 3-2: Fly out, F6 (Line Drive, 6)
|
Top of the 8th over - 1 run(s), 2 hit(s), 0 error(s), 3 left on base; Havana 5 - Otsego 8 |
BOTTOM OF THE 8TH |
Otsego Bulldogs batting - Pitching for Havana Rollers : RHP Kei Hashimoto
|
Pitching: RHP Alejandro Pérez
|
|
Batting: RHB Kyung-bok Cho
|
0-0: Ball 1-0: Ground out 6-3 (Groundball, 6M)
|
Batting: LHB Mario Cornelo
|
0-0: Ball 1-0: Ground out U3 (Groundball, 3S)
|
Batting: RHB Cristo García
|
0-0: Ball 1-0: Ground out 5-3 (Groundball, 56S)
|
Bottom of the 8th over - 0 run(s), 0 hit(s), 0 error(s), 0 left on base; Havana 5 - Otsego 8 |
TOP OF THE 9TH |
Havana Rollers batting - Pitching for Otsego Bulldogs : LHP Bob Quested
|
Pitching: RHP Ricardo Trujillo
|
|
Batting: RHB Dani Gómez
|
0-0: Called Strike 0-1: Ball 1-1: Swinging Strike 1-2: Foul Ball, location: 2F 1-2: Ball 2-2: Ground out 5-3 (Groundball, 5)
|
Batting: LHB Wilson Allen
|
0-0: Ground out 4-3 (Groundball, 4S)
|
Batting: RHB Jack Bailey
|
0-0: Swinging Strike 0-1: Swinging Strike 0-2: Ground out 4-3 (Groundball, 4)
|
Top of the 9th over - 0 run(s), 0 hit(s), 0 error(s), 0 left on base; Havana 5 - Otsego 8 |
|